AoeStats
← ericom

Arabia

505472897Analyzed
1v1 RM · 21d ago on Sep 9, 2026· 45m 56s· 2 players
Game mode
Random Map
Map size
Tiny (2 player)
Population
200
Speed
Normal
Resources
Standard
Victory
Conquest
Starting age
Dark Age
Ending age
Imperial Age
RankedLock teamsTeams togetherTeam positionsShared explorationLock speedFull tech treeHidden civsTurbo modeCheats
Victory
Defeat
🇨🇦 Turks · Canada
1177
+15
🇦🇷 Magyars · Argentina
1161
-15
TVHG.Vladdd
7:00 Loom
9:41 Feudal Age
16:13 Double-Bit Axe
16:21 Horse Collar
18:55 Fletching
22:29 Castle Age
21:22 Bloodlines
21:41 Gold Mining
22:20 Padded Archer Armor
23:11 Wheelbarrow
23:20 Bow Saw
23:25 Bodkin Arrow
26:34 Ballistics
27:12 Thumb Ring
32:02 Imperial Age
29:26 Stone Mining
31:11 Leather Archer Armor
30:59 Town Watch
32:53 Bracer
35:50 Gold Shaft Mining
38:04 Ring Archer Armor
38:51 Parthian Tactics
44:51 Chemistry
43:58 Siege Engineers
44:03 Masonry
ericom
4:07 Loom
10:21 Feudal Age
10:50 Double-Bit Axe
10:54 Horse Collar
19:26 Castle Age
18:19 Gold Mining
21:07 Wheelbarrow
20:37 Heavy Plow
25:35 Imperial Age
24:49 Hand Cart
25:02 Fletching
27:18 Gold Shaft Mining
28:03 Bodkin Arrow
34:54 Ballistics
37:27 Conscription
37:14 Artillery
40:44 Padded Archer Armor
40:44 Bracer
42:27 Leather Archer Armor
44:42 Ring Archer Armor
Connection lost

Rejoining the realm…

Still unreachable

The connection could not be restored.

Session expired

The server has moved on; the page needs a fresh start.